 Dungeon Crawl Stone Soup version 0.32-a0-422-g28b100f618 (webtiles) character file.

Game seed: 9260036716887666274

355 javelincjr the Trooper (level 6, -11/50 HPs)
             Began as a Demonspawn Monk on Feb 21, 2024.
             Mangled by an ogre
             ... wielding a +0 giant club
              (16 damage)
             ... on level 4 of the Dungeon.
             The game lasted 00:09:48 (2713 turns).

javelincjr the Trooper (Demonspawn Monk)            Turns: 2713, Time: 00:09:48

Health: -11/50     AC:  7    Str: 13    XL:     6   Next: 36%
Magic:  6/6        EV: 13    Int: 10    God:
Gold:   163        SH:  0    Dex: 16    Spells: 5/5 levels left

rFire   . . .        o - +0 trident
rCold   . . .        d - orb {light}
rNeg    . . .        C - +0 leather armour
rPois   .            h - +0 helmet
rElec   .            (no cloak)
rCorr   +            g - +0 pair of gloves
SInv    .            (no boots)
Will    .....        (no amulet)
Stlth   +            r - ring of resist corrosion
HPRegen 0.28/turn    (no ring)
MPRegen 0.10/turn

%: no passive effects
@: glowing
A: thin metallic scales 1, powered by pain 1, demonic touch 1
a: no special abilities


You were on level 4 of the Dungeon.
You visited 1 branch of the dungeon, and saw 4 of its levels.

You collected 163 gold pieces.

Inventory:

Hand Weapons
 o - a +0 trident (weapon)
 s - a +0 dagger of speed
Missiles
 x - 5 atropa-tipped darts (quivered)
Armour
 d - an orb of light (worn)
 g - a +0 pair of gloves (worn)
 h - a +0 helmet (worn)
 i - an orb of mayhem
 q - a +0 tower shield
 t - a +0 scale mail
 C - a +0 leather armour (worn)
 E - a +0 chain mail
Jewellery
 r - a ring of resist corrosion (left hand)
Wands
 B - a wand of charming (6)
 F - a wand of polymorph (9)
Scrolls
 a - a scroll of amnesia {unknown}
 e - a scroll of poison {unknown}
 f - a scroll of identify
 m - a scroll of revelation {unknown}
 u - a scroll of fog {unknown}
 v - 2 scrolls of vulnerability {unknown}
 w - a scroll of teleportation {unknown}
 y - 2 scrolls of summoning {unknown}
 A - a scroll of noise {unknown}
Potions
 b - a potion of degeneration
 c - a potion of ambrosia
 j - a potion of lignification
 k - a potion of heal wounds {unknown}
 l - a potion of brilliance {unknown}
 n - 2 potions of resistance
 p - a potion of haste {unknown}
 z - a potion of attraction {unknown}
 D - a potion of might


   Skills:
 * Level 4.8 Fighting
 + Level 3.7 Polearms
 + Level 2.0 Armour
 + Level 3.7 Dodging
 + Level 2.0 Stealth


You had 5 spell levels left.
You didn't know any spells.
Your spell library contained the following spells:

 Spells                   Type           Power      Damage    Failure   Level
 Necrotise                Necr           0%         1d4       43%         1
 Blink                    Tloc           0%         N/A       58%         2
 Lesser Beckoning         Tloc           0%         N/A       58%         2
 Momentum Strike          Conj/Tloc      0%         3d8       58%         2
 Fugue of the Fallen      Necr           0%         N/A       82%         3
 Ozocubu's Armour         Ice            0%         N/A       82%         3
 Vampiric Draining        Necr           0%         2d6       82%         3
 Manifold Assault         Tloc           0%         N/A       99%         4
 Martyr's Knell           Necr/Summ      0%         N/A       99%         4
 Curse of Agony           Necr           0%         N/A       100%        5


Dungeon Overview and Level Annotations

Branches:
Dungeon (4/15)
 Temple: D:4-7

Altars:

Shops:
D:1 [

Annotations:
D:4 3 runed translucent doors, vumi's ghost, amateur VSHW


Innate Abilities, Weirdness & Mutations

You are partially covered in thin metallic scales. (AC +2)
You sometimes gain a little power by taking damage.
Your touch may inflict minor irresistible damage on your foes.


Message History

Vumi's ghost turns its malevolent gaze towards you.
An ogre comes into view. It is wielding a +0 giant club.
The ogre shouts!
As you read the scroll labelled PICRU XASTOL, it crumbles to dust.
It is a scroll of identify.
n - 2 potions of resistance
As you read the scroll of identify, it crumbles to dust.
D - a potion of might
As you read the scroll of identify, it crumbles to dust.
b - a potion of degeneration
As you read the scroll of identify, it crumbles to dust.
j - a potion of lignification You reach to attack!
You hit the ogre.
The ogre is lightly wounded.
You hit the ogre.
The ogre is lightly wounded.
The ogre closely misses you.
You hit the ogre but do no damage.
The ogre is lightly wounded.
The ogre closely misses you.
You puncture the ogre!
The ogre is heavily wounded.
You hit the ogre.
The ogre is heavily wounded.
The ogre hits you with a +0 giant club!!
You hit the ogre.
The ogre is heavily wounded.
The ogre closely misses you.
You hit the ogre but do no damage.
The ogre is heavily wounded.
The ogre hits you with a +0 giant club!!
Ouch! That really hurt!
* * * LOW HITPOINT WARNING * * *
You are too injured to fight recklessly!
You hit the ogre but do no damage.
The ogre is heavily wounded.
You barely miss the ogre.
The ogre is heavily wounded.
The ogre hits you with a +0 giant club!
You die...

.#.......# #..###+++### #†#
.#.......# #..#(....♣.###.#
.....<..## #..#..(....#.#.#
........# ####..#....(..#...#
........###.....#(♣.....##..#
................# #...#
..........##....# ###.#
..........###.#.####..## #.#
...#†.......#.#.@O.....# #)#
.#............######.... #.#
.#.#......#.### ######.#####
.#.#..........# #..........#
.#.#..........########..........#
#.#......###.......##..........#
..#......# #######.............#
#......# ####..........# ########
#..........#


You could see an ogre.

Vanquished Creatures
  A scorpion (D:4)
  A hound (D:4)
  Jessica (D:3)
  An iguana (D:4)
  2 orc wizards (D:4)
  3 adders
  A white imp (D:4)
  11 orcs
  2 ball pythons (D:3)
  5 endoplasms
  4 giant cockroaches
  7 hobgoblins
  3 jackals (D:1)
  7 kobolds
  3 quokkas
  5 bats
  A frilled lizard (D:1)
  8 goblins
  5 rats
71 creatures vanquished.

Notes
Turn   | Place    | Note
-------+----------+-------------------------------------------
     0 | D:1      | javelincjr the Demonspawn Monk began the quest for the Orb.
     0 | D:1      | Reached XP level 1. HP: 18/18 MP: 1/1
    48 | D:1      | Gained mutation: Your touch may inflict minor irresistible
                  | damage on your foes. [demonic ancestry]
    48 | D:1      | Reached XP level 2. HP: 21/24 MP: 2/2
   259 | D:1      | Found Qadgh's Armour Boutique.
   555 | D:1      | Gained mutation: You sometimes gain a little power by
                  | taking damage. [demonic ancestry]
   555 | D:1      | Reached XP level 3. HP: 29/29 MP: 3/3
  1198 | D:2      | Reached skill level 1 in Stealth
  1198 | D:2      | Reached XP level 4. HP: 30/37 MP: 4/4
  1721 | D:3      | Noticed Jessica
  1725 | D:3      | Killed Jessica
  1726 | D:3      | Reached skill level 4 in Fighting
  1726 | D:3      | Reached skill level 1 in Armour
  1953 | D:3      | Reached XP level 5. HP: 42/42 MP: 5/5
  2421 | D:4      | Gained mutation: You are partially covered in thin metallic
                  | scales. (AC +2) [demonic ancestry]
  2421 | D:4      | Reached XP level 6. HP: 28/49 MP: 6/6
  2500 | D:4      | Found a runed translucent gate.
  2503 | D:4      | Found a runed translucent gate.
  2504 | D:4      | Found a runed translucent gate.
  2505 | D:4      | Noticed vumi's ghost (amateur VSHW)
  2713 | D:4      | Mangled by an ogre

Illustrated notes

Levels and vault maps discovered:
D:1:      spicycebolla_arrival_transporter_tutorial, layout_basic, serial_shops,
          nicolae_shop_just_a_little_nook
D:2:      layout_loops_ring
D:3:      layout_rooms, corexii_leaking_fountain, uniq_jessica
D:4:      layout_rooms, ebering_ghost_rock_garden,
          chequers_serial_rivers_micro_b

Skill      XL: |  1  2  3  4  5  6 |
---------------+-------------------+-----
Polearms       | 3 |  3.7
Dodging        | 3 |  3.7
Stealth        | 1 2 |  2.0
Fighting       | 4 |  4.8
Armour         | 1 2 |  2.0

Action                     |  1- 3 |  4- 6 || total
---------------------------+-------+-------++-------
  Melee: Spear             |    65 |       ||    65
         Trident           |    36 |   167 ||   203
    Use: Scroll            |       |     4 ||     4
   Stab: Sleeping          |       |     1 ||     1
 Armour: Robe              |    37 |    21 ||    58
         Leather armour    |       |    44 ||    44
  Dodge: Dodged            |    48 |    90 ||   138

Table legend: (Time is in decaauts)
 A = Elapsed time spent in this place.
 B = Non-inter-level travel time spent in this place.
 C = Inter-level travel time spent in this place.
 D = Time resting spent in this place.
 E = Time spent auto-exploring this place.
 F = Levels seen in this place.
 G = Mean time per level.
                   A        B        C        D        E       F      G
               +--------+--------+--------+--------+--------+-----+--------+
         Total |   2735 |   2668 |     67 |      6 |   2071 |   4 |  683.8 |
       Dungeon |   2735 |   2668 |     67 |      6 |   2071 |   4 |  683.8 |
               +--------+--------+--------+--------+--------+-----+--------+

Top non-repeatable levels by time:
     D:1: 854 daAuts
     D:2: 723 daAuts
     D:3: 599 daAuts
     D:4: 558 daAuts
